 Dungeon Crawl Stone Soup version 0.30-a0-860-g512cf1e979 (webtiles) character file.

Game seed: 18352849039371216325

8785 demibob the Carver (level 11, -2/97 HPs)
             Began as a Hill Orc Wanderer on Mar 8, 2023.
             Was a Priest of Beogh.
             Succumbed to a two-headed ogre's poison
             ... on level 10 of the Dungeon.
             The game lasted 00:20:19 (10709 turns).

demibob the Carver (Hill Orc Wanderer)             Turns: 10709, Time: 00:20:19

Health: -2/97      AC: 10    Str: 16    XL:     11   Next: 36%
Magic:  11/11      EV: 10    Int: 11    God:    Beogh [***...]
Gold:   543        SH:  5    Dex: 15    Spells: 10/10 levels left

rFire   . . .      SeeInvis .    a - +1 long sword (vamp)
rCold   . . .      Faith    .    (no shield)
rNeg    + . .      Spirit   .    d - +0 scale mail
rPois   .          Reflect  +    (no helmet)
rElec   .          Rampage  .    (no cloak)
rCorr   .                        c - +0 pair of gloves
Will    .....                    (no boots)
Stlth   +                        m - amulet of reflection
HPRegen 0.36/turn                N - ring of positive energy
MPRegen 0.12/turn                (no ring)

@: lethally poisoned (-2 -> -17)
A: no striking features
a: Renounce Religion, Smiting


You were on level 10 of the Dungeon.
You worshipped Beogh.
Beogh was most pleased with you.
You visited 1 branch of the dungeon, and saw 10 of its levels.
You also visited: Bailey.

You collected 543 gold pieces.


   Skills:
 + Level 9.2 Fighting
 - Level 14.0 Long Blades
 + Level 10.5 Armour
 - Level 1.0 Dodging
 - Level 2.4 Stealth


You had 10 spell levels left.
You didn't know any spells.
Your spell library contained the following spells:

 Spells                   Type           Power      Damage    Failure   Level
 Freeze                   Ice            0%         1d3       69%         1
 Magic Dart               Conj           0%         1d3       69%         1
 Sting                    Tmut/Pois      0%         1d3       69%         1
 Call Imp                 Summ           0%         N/A       83%         2
 Poisonous Vapours        Pois/Air       0%         N/A       83%         2
 Dazzling Flash           Conj/Hex       0%         N/A       96%         3
 Frozen Ramparts          Ice            0%         1d1       96%         3
 Hailstorm                Conj/Ice       0%         3d3       96%         3
 Ignite Poison            Fire/Tmut/Pois 0%         N/A       96%         3
 Kindle Blastsparks       Fire/Tloc/Air  0%         2d10      96%         3
 Mephitic Cloud           Conj/Pois/Air  0%         N/A       96%         3
 Iskenderun's Mystic Bla  Conj/Tloc      0%         2d3       100%        4
 Olgreb's Toxic Radiance  Pois           0%         N/A       100%        4
 Freezing Cloud           Conj/Ice/Air   0%         6-21      100%        5
 Simulacrum               Ice/Necr       0%         N/A       100%        6
 Starburst                Conj/Fire      0%         6d3       100%        6
 Polar Vortex             Ice            0%         N/A       100%        9

Inventory:

Hand Weapons
 a - a +1 vampiric long sword (weapon)
Missiles
 b - 2 throwing nets {=f}
Armour
 c - a +0 pair of gloves (worn)
 d - a +0 scale mail (worn)
 e - a +0 robe
Jewellery
 i - an amulet of regeneration
 m - an amulet of reflection (around neck)
 C - a ring of ice
 N - a ring of positive energy (left hand)
 Z - a ring of wizardry
Wands
 g - a wand of polymorph (14)
 r - a wand of flame (3)
 t - a wand of mindburst (2)
Scrolls
 j - a scroll of amnesia
 l - 4 scrolls of identify {@r1}
 o - 4 scrolls of fog
 q - 2 scrolls of enchant weapon
Potions
 f - a potion of ambrosia
 h - a potion of resistance
 k - a potion of cancellation
 n - a potion of might
 p - 2 potions of mutation
 s - a potion of brilliance

Dungeon Overview and Level Annotations

Branches:
Dungeon (10/15)            Temple (0/1) D:6            Lair (0/5) D:9
 Bailey (visited)
    Orc: D:9-12

Altars:
Ashenzari
Dithmenos
Elyvilon
Gozag
Kikubaaqudgha
Makhleb
Ru
Uskayaw
Wu Jian
Zin

Annotations:
D:3 2 transporters, Selderis's ghost, amateur OpTm

░###...#
#...#..
#...'..
##+##..####
.#
#..#..#...#
#.....#...#
#.....#...#
#...O.#...#
####@.#...#
#.........#
#.........#
##+#......#
#..#####
#..# #..#
##.#########
#.....#...#


You could see a two-headed ogre.


Message History

You feel much better.
You feel very sick.
Okay, then.
Aiming: Polymorph
Press: ? - help, Shift-Dir - straight line, f/p - two-headed ogre
Aim: a two-headed ogre, wielding a +1 dire flail of venom and a +0 giant club (severely wounded, will become a glowing shapeshifter, a skyshark, or a culicivora, chance to affect: 31%)
Okay, then.
Aiming: Mindburst
Press: ? - help, Shift-Dir - straight line, f/p - two-headed ogre
Aim: a two-headed ogre, wielding a +1 dire flail of venom and a +0 giant club (severely wounded, chance to affect: 47%)
The two-headed ogre resists with some effort.
You feel very sick.
You block the two-headed ogre's attack. x2
You hit the two-headed ogre but do no damage.
The two-headed ogre is severely wounded.
You feel sick.
You hit the two-headed ogre.
The two-headed ogre is severely wounded.
You feel sick.
The two-headed ogre hits you with a +1 dire flail of venom!
* * * LOW HITPOINT WARNING * * *
You are more poisoned.
You block the two-headed ogre's attack.
You hit the two-headed ogre.
The two-headed ogre is severely wounded.
* * * LOW HITPOINT WARNING * * *
You feel very sick.
You completely miss the two-headed ogre.
The two-headed ogre is severely wounded.
You die...

Skill      XL: |  1  2  3  4  5  6  7  8  9 10 11 |
---------------+----------------------------------+-----
Long Blades    | 4 5 6 8 10 12 14 | 14.0
Armour         | 3 5 7 8 9 10 | 10.5
Fighting       | 3 5 8 9 |  9.2
Dodging        | |  1.0
Stealth        | |  2.4

Action                     |  1- 3 |  4- 6 |  7- 9 | 10-12 || total
---------------------------+-------+-------+-------+-------++-------
  Melee: Long sword        |   103 |    97 |   395 |   405 ||  1000
         Punch             |       |     2 |     9 |     6 ||    17
 Invoke: Convert to Beogh  |       |     1 |       |       ||     1
  Evoke: Wand              |       |     1 |    10 |    14 ||    25
    Use: Potion            |     1 |     5 |    12 |     3 ||    21
         Scroll            |     5 |     9 |     6 |     6 ||    26
   Stab: Sleeping          |     2 |       |       |       ||     2
         Paralysed         |       |     6 |    10 |     3 ||    19
         Invisible         |       |       |     3 |       ||     3
 Armour: Robe              |    15 |       |       |       ||    15
         Scale mail        |    39 |    38 |   137 |   117 ||   331
         Skin              |       |       |     4 |     7 ||    11
  Dodge: Dodged            |    44 |    53 |   157 |   151 ||   405
  Block: Other             |       |       |    22 |    72 ||    94
         Reflection        |       |       |     1 |     6 ||     7

Levels and vault maps discovered:
D:1:      minmay_arrival_widening_spiral_wide, layout_loops_ring,
          shapermc_ecumenical_altar_starsandcircs, minmay_nonomino_d4
D:2:      layout_rooms, minmay_misc_feat_x, serial_bayou_pond_c,
          kennysheep_minor_cross, grunt_decor_mini_mirrors
D:3:      layout_rooms, gammafunk_ghost_mausoleum
D:4:      layout_loops_ring, nicolae_dithmenos_through_a_glass_darkly
D:5:      layout_gridville, elyvilon_altar_4, sigmund_edmund_badplayer
D:6:      layout_loops_corners, grunt_temple_overflow_order_and_chaos_2,
          nicolae_ru_great_annihilating_truth, pdpol_wu_jian_five_deadly_venoms,
          mainiacjoe_overflow_boulevard, minmay_temple_entry_slanted
D:7:      layout_basic, mainiacjoe_overflow_alcove_1,
          mainiacjoe_overflow_chevrons, uniq_duvessa
D:8:      layout_basic, grunt_gozag_breadcrumbs, hangedman_decor_riveting,
          minivault_5, bh_walls_and_bars
D:9:      kennysheep_spiral_hall, layout_gridville, lair_entry_dummy,
          enter_bailey_3, uniq_psyche
D:10:     layout_grid_maze, jmf_multi_god_temple, minivault_5,
          minmay_crystal_room, minivault_11, uniq_sonja

Notes
Turn   | Place    | Note
-------+----------+-------------------------------------------
     0 | D:1      | demibob the Hill Orc Wanderer began the quest for the Orb.
     0 | D:1      | demibob set off with the following items: a +0 long sword,
                  | a scroll of teleportation {@r2}, a +0 pair of gloves, a
                  | potion of heal wounds {@q2}, a +0 robe.
     0 | D:1      | Reached XP level 1. HP: 16/16 MP: 1/1
   187 | D:1      | Reached XP level 2. HP: 23/23 MP: 2/2
   239 | D:1      | Reached skill level 4 in Long Blades
   323 | D:1      | Found a faded altar of an unknown god.
   566 | D:1      | Reached XP level 3. HP: 28/28 MP: 3/3
  1719 | D:2      | Reached skill level 5 in Long Blades
  1720 | D:2      | Reached XP level 4. HP: 35/35 MP: 4/4
  1774 | D:2      | Identified 2 potions of resistance
  1936 | D:3      | Found a transporter.
  1939 | D:3      | Noticed Selderis's ghost (amateur OpTm)
  2262 | D:3      | Found a transporter.
  2453 | D:4      | Reached skill level 3 in Armour
  2593 | D:4      | Became a worshipper of Beogh the Brigand
  2858 | D:4      | Noticed a scorpion
  2870 | D:4      | Killed a scorpion
  2871 | D:4      | Reached skill level 6 in Long Blades
  2871 | D:4      | Reached XP level 5. HP: 18/40 MP: 5/5
  2876 | D:4      | HP: 3/40 [poisoned by a scorpion]
  3039 | D:4      | Found a shadowy altar of Dithmenos.
  3168 | D:5      | Entered Level 5 of the Dungeon
  3544 | D:5      | Noticed a two-headed ogre
  3552 | D:5      | Killed a two-headed ogre
  3553 | D:5      | Reached skill level 8 in Long Blades
  3553 | D:5      | Reached skill level 5 in Armour
  3553 | D:5      | Reached XP level 6. HP: 47/47 MP: 6/6
  3553 | D:5      | Reached XP level 7. HP: 52/52 MP: 7/7
  3727 | D:5      | Reached XP level 8. HP: 31/59 MP: 8/8
  3984 | D:5      | Found a white marble altar of Elyvilon.
  4008 | D:5      | Reached skill level 9 in Long Blades
  4269 | D:5      | Noticed Edmund
  4281 | D:5      | Killed Edmund
  4282 | D:5      | Reached skill level 6 in Armour
  4287 | D:5      | Noticed Sigmund
  4296 | D:5      | Killed Sigmund
  4399 | D:6      | Found a sacrificial altar of Ru.
  4577 | D:6      | Reached skill level 10 in Long Blades
  4589 | D:6      | Reached * piety under Beogh
  4590 | D:6      | Reached skill level 2 in Fighting
  4873 | D:6      | Found a staircase to the Ecumenical Temple.
  5015 | D:6      | Found a burning altar of Makhleb.
  5017 | D:6      | Noticed a balrug
  5019 | D:6      | Found a glowing silver altar of Zin.
  5020 | D:6      | Noticed an angel
  5080 | D:6      | Reached skill level 3 in Fighting
  5080 | D:6      | Reached skill level 7 in Armour
  5080 | D:6      | Reached XP level 9. HP: 49/69 MP: 9/9
  5275 | D:6      | Found an ancient bone altar of Kikubaaqudgha.
  5413 | D:6      | Found an ornate altar of the Wu Jian Council.
  5832 | D:7      | Found a broken altar of Ashenzari.
  5962 | D:7      | Noticed Dowan
  5971 | D:7      | Noticed Duvessa
  5989 | D:7      | Killed Dowan
  6253 | D:7      | Reached skill level 11 in Long Blades
  6310 | D:7      | Reached skill level 4 in Fighting
  6626 | D:7      | Killed Duvessa
  6910 | D:7      | Found a hide-covered altar of Uskayaw.
  7036 | D:8      | Found an opulent altar of Gozag.
  7486 | D:8      | Reached ** piety under Beogh
  7487 | D:8      | Reached skill level 5 in Fighting
  7492 | D:8      | HP: 8/111 [killer bee (5)]
  7493 | D:8      | HP: 3/111 [killer bee (6)]
  7496 | D:8      | Reached skill level 8 in Armour
  7774 | D:8      | Reached skill level 12 in Long Blades
  7785 | D:8      | Reached XP level 10. HP: 38/83 MP: 10/10
  8039 | D:8      | Reached skill level 6 in Fighting
  8800 | D:9      | Noticed a two-headed ogre
  8932 | D:9      | Found a flagged portal.
  8955 | Bailey   | Entered a bailey
  9009 | Bailey   | Reached skill level 13 in Long Blades
  9009 | Bailey   | Reached skill level 9 in Armour
  9080 | Bailey   | Reached skill level 7 in Fighting
  9084 | Bailey   | Reached *** piety under Beogh
  9199 | Bailey   | Noticed a vault guard
  9199 | Bailey   | Noticed Prince Ribbit
  9335 | D:9      | Killed a vault guard
  9751 | D:9      | Noticed Psyche
  9773 | D:9      | Killed Psyche
  9779 | D:9      | Found a staircase to the Lair.
  9788 | D:9      | Noticed a two-headed ogre
  9798 | D:9      | Killed a two-headed ogre
  9799 | D:9      | Reached skill level 8 in Fighting
  9799 | D:9      | Reached skill level 14 in Long Blades
  9799 | D:9      | Reached XP level 11. HP: 56/94 MP: 11/11
  9950 | D:9      | Reached skill level 10 in Armour
 10023 | D:9      | Killed a two-headed ogre
 10260 | D:9      | Reached skill level 9 in Fighting
 10407 | D:10     | Entered Level 10 of the Dungeon
 10417 | D:10     | Noticed a two-headed ogre
 10703 | D:10     | HP: 8/97 [two-headed ogre/+1 dire flail of venom (26)]
 10707 | D:10     | HP: 3/97 [two-headed ogre/+1 dire flail of venom (12)]
 10708 | D:10     | HP: 1/97 [poisoned by a two-headed ogre]
 10709 | D:10     | Succumbed to a two-headed ogre's poison

Vanquished Creatures
  A vault guard (D:9)
  3 two-headed ogres
  Psyche (D:9)
  Sigmund (D:5)
  2 wyverns
  14 yaks
  2 humans (Bailey)
  Edmund (D:5)
  An acid dragon (D:10)
  Duvessa (D:7)
  2 ice beasts
  4 orc warriors
  4 sky beasts
  2 centaurs
  A kobold brigand (D:6)
  12 bullfrogs
  A scorpion (D:4)
  Dowan (D:7)
  3 wights (D:7)
  5 killer bees (D:8)
  2 hounds (D:5)
  2 jellies
  3 orc priests
  4 sleepcaps
  2 iguanas
  5 orc wizards
  4 gnolls
  7 adders
  2 shadow imps
  A white imp (D:7)
  An ufetubus (D:6)
  A worm (D:5)
  3 dart slugs
  22 orcs
  4 endoplasms
  3 giant cockroaches
  19 goblins
  10 hobgoblins
  10 jackals
  A quokka (D:2)
  4 ball pythons
  8 bats
  3 frilled lizards
  11 kobolds
  4 rats
198 creatures vanquished.

Vanquished Creatures (others)
  A quokka (D:5)
1 creature vanquished.

Grand Total: 199 creatures vanquished

Table legend: (Time is in decaauts)
 A = Elapsed time spent in this place.
 B = Non-inter-level travel time spent in this place.
 C = Inter-level travel time spent in this place.
 D = Time resting spent in this place.
 E = Time spent auto-exploring this place.
 F = Levels seen in this place.
 G = Mean time per level.
                   A        B        C        D        E       F      G
               +--------+--------+--------+--------+--------+-----+--------+
         Total |  10613 |  10378 |    235 |   2336 |   6320 |  11 |  964.8 |
       Dungeon |  10276 |  10041 |    235 |   2234 |   6243 |  10 | 1027.6 |
        Bailey |    336 |    336 |      0 |    102 |     77 |   1 |  336.0 |
               +--------+--------+--------+--------+--------+-----+--------+

Top non-repeatable levels by time:
     D:8: 1846 daAuts
     D:7: 1302 daAuts
     D:6: 1293 daAuts
     D:5: 1181 daAuts
     D:9: 1164 daAuts
     D:1: 1098 daAuts
     D:4: 834 daAuts
     D:2: 748 daAuts
     D:3: 520 daAuts
  Bailey: 336 daAuts
    D:10: 288 daAuts

Table legend:
 A = Non-vault XP
 B = Vault XP
 C = Vault XP percentage of total XP
 D = Non-vault monster count
 E = Vault monster count
 F = Vault count percentage of total count
                 A         B        C        D         E       F
            +---------+---------+-------+---------+---------+-------
      Total |    8365 |    4186 |  33.4 |     151 |      47 |  23.7
            +---------+---------+-------+---------+---------+-------
        D:1 |      25 |      12 |  32.4 |      16 |       6 |  27.3
        D:2 |      49 |       0 |   0.0 |      21 |       0 |   0.0
        D:3 |      37 |       0 |   0.0 |      14 |       0 |   0.0
        D:4 |     120 |       0 |   0.0 |      11 |       0 |   0.0
        D:5 |    1188 |     385 |  24.5 |      10 |       2 |  16.7
        D:6 |     606 |      40 |   6.2 |      21 |       4 |  16.0
        D:7 |     765 |     215 |  21.9 |      14 |       2 |  12.5
        D:8 |    3016 |       0 |   0.0 |      35 |       0 |   0.0
        D:9 |    2402 |    1822 |  43.1 |       8 |      10 |  55.6
       D:10 |     157 |     400 |  71.8 |       1 |       2 |  66.7
     Bailey |       0 |    1312 | 100.0 |       0 |      21 | 100.0
            +---------+---------+-------+---------+---------+-------
